Map: Eternal Empire LE

Players

Reynor - Winner!

  • Race: Zerg Zerg
  • Spawn Location: 1:00

soO

  • Race: Zerg Zerg
  • Spawn Location: 7:00

VOD

Have the link to the VOD?

Description

Time

  • Played on: Jan. 7, 2020, 7:45 p.m.
  • Length: 9:42
Show
View Real Time Build Order
Export as new Build Order

Reynor Zerg - Winner!

Build Orders: Hatch First 

Get SALT Encoding   

  12  0:00  Drone  
  13  0:12  Overlord  
  13  0:17  Drone  
  14  0:30  Drone x2  
  16  0:48  Hatchery  
  15  0:51  Drone  
  15  0:55  Drone  
  17  0:59  Drone  
  18  1:10  Extractor  
  17  1:15  Spawning Pool  
  17  1:18  Drone  
  17  1:20  Drone  
  18  1:27  Drone  
  19  1:38  Drone  
  20  1:50  Overlord  
  20  2:01  Zergling x2  
  20  2:02  Zergling x2, Queen x2  
  26  2:10  Drone  
  26  2:11  Drone  
  26  2:12  Metabolic Boost  
  28  2:21  Drone  
  28  2:22  Drone  
  30  2:36  Hatchery  
  29  2:38  Drone  
  29  2:40  Drone  
  29  2:44  Drone  
  32  2:45  Drone  
  33  2:52  Baneling Nest  
  33  2:55  Overlord  
  33  2:58  Drone  
  33  3:06  Drone x2  
  33  3:12  Drone  
  36  3:17  Overlord  
  36  3:18  Drone x4  
  40  3:20  Zergling x2  
  40  3:25  Zergling x2  
  42  3:30  Zergling x2  
  43  3:35  Queen  
  43  3:37  Lair  
  45  3:42  Baneling  
  45  3:43  Drone x2, Evolution Chamber  
  45  3:47  Zergling x4  
  48  3:48  Drone  
  48  3:50  Drone  
  48  3:52  Drone  
  48  3:53  Extractor  
  50  3:56  Zergling x2  
  50  3:58  Drone x2  
  50  4:00  Drone  
  50  4:01  Drone  
  55  4:09  Drone x2  
  56  4:10  Drone  
  56  4:14  Extractor  
  56  4:15  Extractor  
  55  4:17  Drone x3  
  55  4:20  Zerg Melee Weapons Level 1  
  55  4:24  Overlord  
  58  4:28  Overlord  
  58  4:32  Overlord  
  58  4:39  Overlord  
  58  4:44  Drone x3  
  61  4:46  Spire  
  61  4:48  Drone x3  
  61  4:49  Drone x2  
  64  4:54  Drone  
  64  4:55  Drone x3  
  64  4:57  Drone  
  69  5:01  Extractor  
  69  5:02  Drone x2  
  69  5:03  Extractor  
  69  5:04  Drone  
  70  5:07  Drone x2  
  70  5:08  Drone  
  70  5:09  Drone  
  69  5:17  Zergling x4  
  69  5:20  Zergling x8  
  74  5:25  Drone  
  74  5:26  Drone x3  
  78  5:32  Overlord  
  78  5:33  Zergling x6  
  78  5:34  Zergling x2  
  82  5:39  Zergling x2  
  82  5:42  Zergling x2  
  84  5:43  Zergling x2  
  85  5:54  Hatchery  
  85  5:56  Overlord  
  83  5:58  Mutalisk x6  
  83  6:04  Mutalisk  
  95  6:11  Mutalisk x2  
  93  6:14  Mutalisk x3  
  93  6:17  Zergling x4  
  102  6:23  Drone x3, Zerg Flyer Weapons Level 1  
  105  6:26  Drone  
  105  6:29  Zerg Melee Weapons Level 2  
  105  6:32  Overlord  
  106  6:38  Overlord  
  106  6:47  Overlord  
  106  6:52  Mutalisk x2  
  106  6:53  Mutalisk  
  110  6:55  Zergling x8  
  110  6:56  Queen  
  110  6:58  Spine Crawler  
  110  6:59  Mutalisk x2  
  110  7:00  Zergling x8, Spine Crawler  
  110  7:01  Zergling x2  
  117  7:02  Zergling x2  
  117  7:06  Zergling x4  
  114  7:09  Mutalisk  
  114  7:10  Zergling x2  
  114  7:13  Zergling x4  
  111  7:18  Zergling x2  
  111  7:19  Zergling x2  
  112  7:28  Mutalisk x2  
  114  7:34  Zergling x8  
  118  7:39  Mutalisk  
  118  7:44  Mutalisk  
  120  7:47  Zergling x8  
  120  7:50  Mutalisk  
  125  7:54  Hatchery  
  125  7:56  Mutalisk  
  124  8:03  Mutalisk  
  124  8:05  Zergling x8  
  129  8:07  Overlord  
  129  8:09  Mutalisk  
  129  8:12  Drone x2  
  134  8:18  Mutalisk  
  136  8:20  Overseer  
  136  8:21  Overlord  
  135  8:28  Mutalisk x2  
  135  8:30  Zergling x4  
  135  8:31  Zergling x2  
  135  8:33  Mutalisk  
  140  8:37  Zergling x4  
  140  8:40  Zergling x4  
  140  8:48  Mutalisk x2  
  139  8:54  Zergling x6  
  142  8:59  Mutalisk x2  
  131  9:07  Mutalisk  
  131  9:09  Drone  
  127  9:10  Drone x2  
  123  9:17  Mutalisk  
  123  9:22  Zergling x2  
  123  9:23  Zergling x4  
Show
View Real Time Build Order
Export as new Build Order

soO Zerg 

Build Orders: Hatch First 

Get SALT Encoding   

  12  0:01  Drone  
  13  0:12  Overlord  
  13  0:17  Drone  
  14  0:31  Drone x2  
  16  0:47  Hatchery  
  15  0:51  Drone  
  15  0:55  Drone  
  17  0:58  Drone  
  18  1:08  Extractor  
  17  1:13  Spawning Pool  
  17  1:17  Drone  
  17  1:20  Drone  
  18  1:28  Drone  
  19  1:38  Drone  
  20  1:51  Overlord  
  20  2:00  Queen x2, Drone  
  20  2:01  Drone  
  26  2:10  Drone  
  26  2:11  Drone  
  26  2:12  Metabolic Boost  
  28  2:21  Drone  
  29  2:23  Drone  
  30  2:33  Hatchery  
  30  2:36  Zergling x2  
  30  2:38  Zergling x2  
  31  2:45  Queen  
  31  2:49  Overlord  
  33  2:54  Drone  
  34  2:58  Baneling Nest  
  34  2:59  Drone  
  34  3:06  Drone  
  34  3:10  Zergling x2, Drone  
  34  3:11  Drone  
  34  3:12  Drone  
  39  3:15  Drone  
  39  3:16  Drone  
  41  3:20  Zergling x4  
  41  3:25  Overlord  
  43  3:29  Drone  
  44  3:37  Overlord  
  44  3:43  Baneling x2  
  44  3:44  Drone x2  
  44  3:45  Extractor, Drone  
  44  3:47  Drone  
  47  3:50  Lair  
  47  3:51  Drone x2  
  47  3:53  Drone  
  51  3:55  Drone  
  51  3:59  Drone x2  
  51  4:01  Drone  
  54  4:06  Evolution Chamber  
  53  4:11  Drone  
  53  4:13  Overlord  
  53  4:16  Drone x2  
  53  4:17  Drone x3  
  57  4:23  Drone  
  59  4:28  Roach Warren  
  59  4:29  Extractor  
  59  4:30  Extractor, Drone  
  59  4:31  Zergling x6  
  60  4:34  Drone x2  
  60  4:35  Drone  
  60  4:38  Zerg Missile Weapons Level 1  
  63  4:43  Overlord  
  63  4:46  Drone x3  
  63  4:52  Drone  
  67  4:53  Drone x2  
  67  4:54  Drone  
  67  4:55  Zergling x2  
  67  4:58  Drone x2, Overlord  
  73  5:01  Overlord  
  73  5:06  Zergling x2  
  74  5:08  Glial Reconstitution, Overlord  
  74  5:12  Drone x2  
  75  5:14  Extractor  
  75  5:16  Overlord  
  75  5:18  Roach x2  
  75  5:21  Roach x2  
  77  5:28  Extractor, Queen, Overlord  
  77  5:31  Queen  
  80  5:37  Queen  
  82  5:44  Nydus Network  
  82  5:49  Roach x4  
  89  5:54  Roach x4  
  95  5:59  Overlord  
  95  6:05  Roach x2  
  95  6:07  Roach x2, Queen  
  95  6:09  Overlord  
  101  6:19  Queen  
  101  6:20  Nydus Canal  
  103  6:27  Queen  
  103  6:30  Drone x2  
  107  6:34  Roach, Drone  
  107  6:35  Roach  
  112  6:42  Roach  
  112  6:49  Spore Crawler  
  112  6:54  Roach x2, Queen  
  112  6:59  Drone, Overlord  
  112  7:00  Drone  
  114  7:01  Spore Crawler, Drone x2  
  114  7:02  Queen  
  114  7:03  Queen  
  114  7:05  Roach x2  
  115  7:08  Roach  
  115  7:10  Roach x2  
  115  7:11  Roach  
  115  7:13  Roach  
  111  7:16  Spore Crawler  
  111  7:17  Spore Crawler  
  111  7:18  Spore Crawler  
  111  7:20  Roach  
  111  7:22  Roach x2  
  106  7:28  Spore Crawler  
  105  7:31  Roach  
  109  7:39  Roach x2  
  109  7:41  Queen x2  
  109  7:44  Roach  
  119  7:45  Roach  
  119  7:46  Roach  
  119  7:48  Roach  
  125  7:54  Hatchery  
  125  7:55  Roach  
  124  8:02  Roach x3  
  124  8:04  Overlord  
  130  8:12  Overlord  
  130  8:13  Baneling x3  
  130  8:17  Overlord  
  130  8:18  Nydus Canal  
  130  8:21  Queen  
  130  8:24  Roach x3  
  137  8:27  Roach  
  137  8:34  Queen  
  133  8:35  Nydus Network  
  133  8:39  Roach x2  
  133  8:40  Roach  
  127  8:46  Roach x2  
  122  8:52  Roach x2  
  122  8:54  Roach  
Tags
 
Add a new tag
Caveats
  • Supply blocks, unpowered buildings, or Contaminate may cause inaccurate times.
  • Supply counts are checked every 10 seconds.